 Dungeon Crawl Stone Soup version 0.29.1-1-gd02db6906a (webtiles) character file.

Game seed: 10324857209305293234

3916 MisterFreud the Covert (level 10, -3/82 HPs)
             Began as a Gnoll Delver on Oct 6, 2022.
             Was a Believer of Yredelemnul.
             Slain by a gnoll
             ... wielding a +0 spear of venom
              (9 damage)
             ... on level 8 of the Dungeon.
             The game lasted 00:10:55 (7190 turns).

MisterFreud the Covert (Gnoll Delver)               Turns: 7190, Time: 00:10:57

Health: -3/82      AC: 10    Str: 17    XL:     10   Next: 20%
Magic:  17/17      EV: 18    Int: 13    God:    Yredelemnul [**....]
Gold:   479        SH:  0    Dex: 13    Spells: 19/19 levels left

rFire   . . .      SeeInvis +   a - +7 hand axe of Causality {spect, Str+4}
rCold   . . .      Faith    .   (no shield)
rNeg    . . .      Spirit   .   l - +2 leather armour {rPois}
rPois   +          Reflect  .   B - +2 helmet {SInv}
rElec   .          Harm     .   (no cloak)
rCorr   .          Rampage  .   w - +0 pair of gloves
Will    .....                   (no boots)
Stlth   ++++......              (no amulet)
HPRegen 0.23/turn               e - +4 ring of evasion
MPRegen 0.15/turn               (no ring)

@: no status effects
A: fangs 1, strong nose, distributed training
a: Renounce Religion, Recall Undead Harvest, Dark Bargain


You were on level 8 of the Dungeon.
You worshipped Yredelemnul.
Yredelemnul was noncommittal.
You visited 1 branch of the dungeon, and saw 8 of its levels.

You collected 569 gold pieces.
You spent 90 gold pieces at shops.

Inventory:

Hand Weapons
 a - the +7 hand axe of Causality (weapon) {spect, Str+4}
   (You found it on level 4 of the Dungeon)

   When its wielder attacks, the weapon's spirit leaps out and strikes again.
   The spirit shares a part of any damage it takes with its wielder.
   Str:       It affects your strength (+4).
 b - a +3 sling of freezing
 s - a +0 vampiric dagger
 A - a +0 short sword
 D - a +1 spectral quarterstaff
Missiles
 h - 5 boomerangs
 k - a throwing net (quivered)
 y - 30 poisoned darts
 C - 6 atropa-tipped darts
Armour
 l - a +2 leather armour of poison resistance (worn)
 w - a +0 pair of gloves (worn)
 B - a +2 helmet of see invisible (worn)
Jewellery
 e - a +4 ring of evasion (left hand)
 m - a ring of ice
Wands
 g - a wand of digging (3)
 j - a wand of acid (7)
Scrolls
 c - a scroll of fog
 d - 3 scrolls of magic mapping
 i - a scroll of enchant armour
 p - 2 scrolls of brand weapon
 q - 2 scrolls of teleportation
 r - 3 scrolls of enchant weapon
 v - a scroll of identify
Potions
 f - 3 potions of haste
 n - 4 potions of might
 o - 3 potions of curing
 t - 5 potions of degeneration
 u - 2 potions of lignification
 x - a potion of mutation
 z - a potion of cancellation {unknown}


   Skills:
 + Level 8.5 Fighting
 + Level 7.0 Short Blades
 + Level 5.2 Long Blades
 + Level 5.2 Axes
 + Level 5.2 Maces & Flails
 + Level 5.2 Polearms
 + Level 5.2 Staves
 + Level 5.2 Ranged Weapons
 + Level 5.2 Throwing
 + Level 5.2 Armour
 + Level 7.0 Dodging
 + Level 10.9 Stealth
 + Level 5.2 Shields
 + Level 5.2 Unarmed Combat
 + Level 5.2 Spellcasting
 + Level 4.3 Conjurations
 + Level 4.3 Hexes
 + Level 4.3 Summonings
 + Level 4.3 Necromancy
 + Level 4.3 Translocations
 + Level 4.3 Transmutations
 + Level 4.3 Fire Magic
 + Level 4.3 Ice Magic
 + Level 4.3 Air Magic
 + Level 4.3 Earth Magic
 + Level 4.3 Poison Magic
 + Level 5.7 Invocations
 + Level 5.2 Evocations


You had 19 spell levels left.
You didn't know any spells.
Your spell library contained the following spells:

 Spells                   Type           Power      Damage    Failure   Level
 Necrotise                Necr           56%        1d6       3%          1
 Sandblast                Erth           28%        2d8       3%          1
 Passwall                 Tmut/Erth      11%        N/A       5%          2
 Stone Arrow              Conj/Erth      28%        3d8       11%         3
 Vampiric Draining        Necr           14%        2d7       11%         3
 Animate Armour           Summ/Erth      28%        N/A       36%         4
 Agony                    Necr           14%        N/A       71%         5
 Lehudib's Crystal Spear  Conj/Erth      7%         10d3      100%        8


Dungeon Overview and Level Annotations

Branches:
Dungeon (8/15)             Temple (0/1) D:7
   Lair: D:8-11

Altars:
Cheibriados
Elyvilon
Fedhas
Hepliaklqana
Kikubaaqudgha
Makhleb
Nemelex Xobeh
Okawaru
Ru
Sif Muna
Uskayaw
Wu Jian
Xom
Yredelemnul
Zin
The Shining One

Shops:
D:5 :   D:8 (

Annotations:
D:4 2 transporters, t4s4d4r's ghost, amateur DsEE
D:8 1 transporter


Innate Abilities, Weirdness & Mutations

You have very sharp teeth.
Your uncanny sense of smell can sniff out nearby items.
Your experience applies equally to all skills.


Message History

The blast of sand hits you but does no damage.
The gnoll sergeant barely misses you.
Your orc priest zombie barely misses the gnoll sergeant.
Your kobold brigand zombie hits the gnoll sergeant but does no damage.
You slash t4s4d4r's ghost!
You destroy t4s4d4r's ghost!
You hit the gnoll sergeant but do no damage.
The gnoll sergeant blocks your +7 hand axe of Causality {spect, Str+4}'s attack.
* * * LOW HITPOINT WARNING * * *
You feel very sick.
The gnoll hits you from afar with a +0 spear of venom!
* * * LOW HITPOINT WARNING * * *
The gnoll sergeant hits you but does no damage.
You are more poisoned.
The gnoll sergeant completely misses you.
Your orc priest zombie closely misses the gnoll sergeant.
Your Short Blades skill increases to level 7!
Your Dodging skill increases to level 7!
You feel better.
Your kobold brigand zombie hits the gnoll sergeant but does no damage.
The gnoll completely misses you. The gnoll sergeant misses you.
The gnoll sergeant hits your orc priest zombie with a +0 spear of venom.
Unknown command.
Unknown command.
You hit the gnoll sergeant but do no damage.
Your punch misses the gnoll sergeant.
The gnoll sergeant is lightly wounded.
Your +7 hand axe of Causality {spect, Str+4} hits the gnoll sergeant.
Your orc priest zombie closely misses the gnoll sergeant.
Your kobold brigand zombie barely misses the gnoll sergeant.
The gnoll sergeant hits you with a +2 spear of venom.
* * * LOW HITPOINT WARNING * * *
The gnoll barely misses you. The gnoll sergeant misses you.
You barely miss the gnoll sergeant.
The gnoll sergeant is moderately wounded.
The gnoll sergeant blocks your +7 hand axe of Causality {spect, Str+4}'s attack.
Your orc priest zombie hits the gnoll sergeant but does no damage.
The gnoll hits you from afar with a +0 spear of venom!
You die...
Your body rises from the dead as a mindless zombie.

#.≈≈≈≈≈≈≈≈≈≈≈≈~≈≈≈≈≈≈≈≈≈≈≈≈..
#.≈≈≈≈≈≈≈≈≈≈≈≈~≈≈≈≈≈≈≈≈≈≈≈≈Z.
###.≈≈#####...........#####≈≈..
#...≈≈#.8.#[###.©.###.#g8.#≈≈ZZ
###.#.≈≈#...###.#####©###...#≈≈..
#.....≈≈###............g..###≈≈..
#.###.≈≈.8#g######g######g#8.≈≈.Z
Z.# #.≈≈.##.#.⌠g#ZZ8# #.##.≈≈..
Z####.~~.#..'..(@ZZZ#∆ '.g#.~~..
......≈≈.##.#.⌠)#ZZ8# .#.##.≈≈..
......≈≈.8# ######g## ### #8.≈≈..
....<.≈≈###.. ..


gggg.... ###≈≈.. ......≈≈#...###.#####.###..g#≈≈..
......≈≈#.8g#.###.§.###.#.8g#≈≈.. .)....≈≈#####....(......#####≈≈..
))....≈≈≈≈≈≈≈≈≈≈≈...≈≈≈≈≈≈≈≈≈≈≈.# ......≈≈≈≈≈≈≈≈≈≈≈...≈≈≈≈≈≈≈≈≈≈≈.# You could
see 2 gnoll sergeants, a gnoll bouda, 3 gnolls, a friendly +7 hand axe of
Causality {spect, Str+4} (summoned), 2 friendly bullfrog zombies, a friendly
kobold zombie, a friendly kobold brigand zombie, 2 friendly orc zombies and a
friendly orc priest zombie.

Vanquished Creatures
  The ghost of t4s4d4r the Geomancer, a novice DsEE of Sif Muna (D:8)
  Joseph (D:8)
  Sigmund (D:6)
  A steam dragon (D:8)
  Menkaure (D:5)
  An orc warrior (D:8)
  A black bear (D:7)
  An ice beast (D:7)
  2 sky beasts
  2 ogres
  A centaur (D:7)
  Blork the orc (D:6)
  2 kobold brigands
  5 bullfrogs
  A necrophage (D:6)
  4 scorpions
  7 wights
  3 jellies
  2 howler monkeys
  5 hounds
  An orc priest (D:7)
  Jessica (D:3)
  2 iguanas
  2 orc wizards
  Robin (D:4)
  9 gnolls
  8 adders
  A white imp (D:7)
  2 worms
  2 dart slugs
  7 orcs
  2 bats
  5 endoplasms
  2 giant cockroaches
  20 goblins
  7 hobgoblins
  2 jackals (D:4)
  17 kobolds
  6 quokkas
  11 ball pythons
  3 frilled lizards
  4 rats
158 creatures vanquished.

Vanquished Creatures (collateral kills)
  An orc priest (D:8)
  An orc (D:8)
2 creatures vanquished.

Vanquished Creatures (others)
  A bullfrog zombie (D:8)
  A howler monkey zombie (D:7)
  A gnoll (D:8)
  A kobold (D:8)
  3 kobold zombies (D:8)
  5 orc zombies
  9 plants
21 creatures vanquished.

Grand Total: 181 creatures vanquished

Notes
Turn   | Place    | Note
-------+----------+-------------------------------------------
     0 | D:5      | Reached skill level 9 in Stealth
     0 | D:5      | MisterFreud the Gnoll Delver began the quest for the Orb.
     0 | D:5      | Reached XP level 1. HP: 23/23 MP: 1/1
    17 | D:5      | Noticed a hound
    51 | D:5      | Reached XP level 2. HP: 28/29 MP: 2/2
   173 | D:6      | Noticed a necrophage
   210 | D:5      | Noticed a scorpion
   237 | D:4      | Noticed a sky beast
   634 | D:2      | Found an ornate altar of the Wu Jian Council.
   878 | D:1      | Reached XP level 3. HP: 35/35 MP: 3/3
  1008 | D:1      | Reached skill level 1 in Invocations
  1478 | D:1      | Reached skill level 1 in Long Blades
  1478 | D:1      | Reached skill level 1 in Axes
  1478 | D:1      | Reached skill level 1 in Maces & Flails
  1478 | D:1      | Reached skill level 1 in Polearms
  1478 | D:1      | Reached skill level 1 in Staves
  1478 | D:1      | Reached skill level 1 in Ranged Weapons
  1478 | D:1      | Reached skill level 1 in Throwing
  1478 | D:1      | Reached skill level 1 in Armour
  1478 | D:1      | Reached skill level 1 in Shields
  1478 | D:1      | Reached skill level 1 in Unarmed Combat
  1478 | D:1      | Reached skill level 1 in Spellcasting
  1478 | D:1      | Reached skill level 1 in Evocations
  1635 | D:2      | Reached XP level 4. HP: 31/41 MP: 5/5
  2052 | D:3      | Found Zin's Purification Station.
  2052 | D:3      | Found a glowing silver altar of Zin.
  2058 | D:3      | Bought a potion of curing for 90 gold pieces
  2273 | D:3      | Noticed Jessica
  2279 | D:3      | Killed Jessica
  2280 | D:3      | Reached skill level 1 in Conjurations
  2280 | D:3      | Reached skill level 1 in Hexes
  2280 | D:3      | Reached skill level 1 in Summonings
  2280 | D:3      | Reached skill level 1 in Necromancy
  2280 | D:3      | Reached skill level 1 in Translocations
  2280 | D:3      | Reached skill level 1 in Transmutations
  2280 | D:3      | Reached skill level 1 in Fire Magic
  2280 | D:3      | Reached skill level 1 in Ice Magic
  2280 | D:3      | Reached skill level 1 in Air Magic
  2280 | D:3      | Reached skill level 1 in Earth Magic
  2280 | D:3      | Reached skill level 1 in Poison Magic
  2474 | D:3      | Found a glowing golden altar of the Shining One.
  2537 | D:4      | Killed a sky beast
  2538 | D:4      | Reached XP level 5. HP: 47/47 MP: 5/7
  2593 | D:4      | Reached XP level 6. HP: 48/53 MP: 8/8
  2746 | D:4      | Identified the +7 hand axe of Causality {spect, Str+4}
  2843 | D:4      | Reached skill level 5 in Short Blades
  2843 | D:4      | Reached skill level 5 in Dodging
  2957 | D:4      | Noticed Robin
  2985 | D:4      | Killed Robin
  3359 | D:4      | Reached XP level 7. HP: 60/60 MP: 10/10
  3362 | D:4      | Found a hide-covered altar of Uskayaw.
  3517 | D:4      | Found a transporter.
  3519 | D:4      | Noticed t4s4d4r's ghost (amateur DsEE)
  3523 | D:4      | Found a transporter.
  3930 | D:5      | Noticed Menkaure
  3940 | D:5      | Killed Menkaure
  3941 | D:5      | Reached skill level 10 in Stealth
  4368 | D:5      | Found Zier's Book Boutique.
  4372 | D:5      | Found a hazy altar of Hepliaklqana.
  4389 | D:5      | Found a shimmering altar of Xom.
  4576 | D:6      | Reached XP level 8. HP: 61/67 MP: 12/12
  4629 | D:6      | Found an ancient bone altar of Kikubaaqudgha.
  4636 | D:6      | Noticed Sigmund
  4653 | D:6      | Killed Sigmund
  5216 | D:6      | You fall into a shaft and drop 1 floor!
  5263 | D:7      | Found a white marble altar of Elyvilon.
  5337 | D:6      | Noticed Blork the orc
  5345 | D:6      | Killed Blork the orc
  5346 | D:6      | Reached XP level 9. HP: 73/73 MP: 14/14
  5871 | D:7      | Found a basalt altar of Yredelemnul.
  5872 | D:7      | Found a sacrificial altar of Ru.
  5873 | D:7      | Found a sparkling altar of Nemelex Xobeh.
  5881 | D:7      | Became a worshipper of Yredelemnul the Dark
  5886 | D:7      | Found a burning altar of Makhleb.
  5899 | D:7      | Found a snail-covered altar of Cheibriados.
  5902 | D:7      | Found a blossoming altar of Fedhas.
  5903 | D:7      | Found an ornate altar of the Wu Jian Council.
  5924 | D:7      | Reached * piety under Yredelemnul
  5965 | D:7      | Reached ** piety under Yredelemnul
  6021 | D:7      | Found a staircase to the Ecumenical Temple.
  6120 | D:7      | Found a shimmering blue altar of Sif Muna.
  6409 | D:7      | Found an iron altar of Okawaru.
  6460 | D:8      | Identified the +2 ring mail "Xithea" {rC++}
  6463 | D:8      | Noticed Joseph
  6477 | D:8      | Killed Joseph
  6478 | D:8      | Reached skill level 5 in Invocations
  6491 | D:8      | Found a transporter.
  6570 | D:8      | Found Beidd's Hydra Hut.
  6572 | D:8      | Noticed a four-headed hydra
  6631 | D:8      | Found a transporter.
  6637 | D:8      | Reached skill level 5 in Long Blades
  6637 | D:8      | Reached skill level 5 in Axes
  6637 | D:8      | Reached skill level 5 in Maces & Flails
  6637 | D:8      | Reached skill level 5 in Polearms
  6637 | D:8      | Reached skill level 5 in Staves
  6637 | D:8      | Reached skill level 5 in Ranged Weapons
  6637 | D:8      | Reached skill level 5 in Throwing
  6637 | D:8      | Reached skill level 5 in Armour
  6637 | D:8      | Reached skill level 5 in Shields
  6637 | D:8      | Reached skill level 5 in Unarmed Combat
  6637 | D:8      | Reached skill level 5 in Spellcasting
  6637 | D:8      | Reached skill level 5 in Evocations
  6637 | D:8      | Reached XP level 10. HP: 23/81 MP: 17/17
  6650 | D:8      | Reached *** piety under Yredelemnul
  7025 | D:8      | Identified the ring of Masuecy {Ice rN+ Int+3 Slay+6}
  7029 | D:8      | Noticed t4s4d4r's ghost (novice DsEE)
  7187 | D:8      | Killed t4s4d4r's ghost
  7187 | D:8      | HP: 3/82 [gnoll/+0 spear of venom (7)]
  7190 | D:8      | Slain by a gnoll

Illustrated notes

Levels and vault maps discovered:
D:1:      wander_arrival_desolate, layout_basic, minmay_cut_off
D:2:      layout_basic, basic_altar
D:3:      layout_loops_ring, zin_purify, nicolae_tso_swordbearing_angel,
          grunt_decor_arrowhead, uniq_jessica
D:4:      layout_basic, nicolae_uskayaw_dance_hall, gammafunk_ghost_mausoleum,
          minmay_splitting_lines, uniq_robin
D:5:      wad_pebble_path, layout_basic, mainiacjoe_overflow_tiny_flanked,
          mainiacjoe_overflow_alcove_1, serial_shops, shop_fountains,
          dk_rats_in_the_wall, uniq_menkaure
D:6:      layout_basic, nicolae_kikubaaqudgha_miasma_corner, uniq_sigmund,
          uniq_blork_the_orc
D:7:      layout_cave_pools, kennysheep_okawaru_gauntlet,
          overflow_temple_1_default, nicolae_overflow_hallway_of_the_gods,
          mainiacjoe_overflow_boulevard, minmay_temple_entry_grid,
          nrook_campfire, kennysheep_generic_room_7
D:8:      layout_rooms, gammafunk_ghost_gnarly_gnolls, doesnt_shop_hydraphobe,
          uniq_joseph

Skill      XL: |  1  2  3  4  5  6  7  8  9 10 |
---------------+-------------------------------+-----
Stealth        | 10 | 10.9
Invocations    | 1 2 3 4 5 |  5.7
Long Blades    | 1 2 3 5 |  5.2
Axes           | 1 2 3 5 |  5.2
Maces & Flails | 1 2 3 5 |  5.2
Polearms       | 1 2 3 5 |  5.2
Staves         | 1 2 3 5 |  5.2
Ranged Weapons | 1 2 3 5 |  5.2
Throwing       | 1 2 3 5 |  5.2
Armour         | 1 2 3 5 |  5.2
Shields        | 1 2 3 5 |  5.2
Unarmed Combat | 1 2 3 5 |  5.2
Spellcasting   | 1 2 3 5 |  5.2
Evocations     | 1 2 3 5 |  5.2
Conjurations   | 1 2 3 4 |  4.3
Hexes          | 1 2 3 4 |  4.3
Summonings     | 1 2 3 4 |  4.3
Necromancy     | 1 2 3 4 |  4.3
Translocations | 1 2 3 4 |  4.3
Transmutations | 1 2 3 4 |  4.3
Fire Magic     | 1 2 3 4 |  4.3
Ice Magic      | 1 2 3 4 |  4.3
Air Magic      | 1 2 3 4 |  4.3
Earth Magic    | 1 2 3 4 |  4.3
Poison Magic   | 1 2 3 4 |  4.3
Short Blades   | 5 6 7 |  7.0
Dodging        | 5 6 7 |  7.0
Fighting       | 7 8 |  8.5

Action                   |  1- 3 |  4- 6 |  7- 9 | 10-12 || total
-------------------------+-------+-------+-------+-------++-------
Melee: Short sword       |    61 |       |       |       ||    61
       Bite              |     4 |     4 |    14 |       ||    22
       Punch             |     1 |       |     3 |       ||     4
       Hand axe          |       |    23 |    92 |    18 ||   133
 Fire: Sling             |    69 |   117 |   126 |       ||   312
  Use: Scroll            |     1 |       |    14 |       ||    15
       Potion            |       |       |       |     2 ||     2
 Stab: Sleeping          |     1 |       |     4 |     1 ||     6
       Distracted        |       |       |     1 |     1 ||     2
Armor: Leather armour    |    14 |    21 |    23 |    10 ||    68
Dodge: Dodged            |    79 |    82 |    96 |    30 ||   287
